 Dungeon Crawl Stone Soup version 0.25.1-2-g60ff931df9 (webtiles) character file.

Game seed: 9451080981752328729

9309 hawla the Cleaver (level 11, -32/99 HPs)
             Began as a Minotaur Berserker on Oct 16, 2020.
             Was a High Priest of Trog.
             Blown up by an orb spider (shapeshifter) (38 damage)
             ... with an orb of destruction
             ... on level 10 of the Dungeon.
             The game lasted 00:19:16 (10333 turns).

hawla the Cleaver (Minotaur Berserker)             Turns: 10333, Time: 00:19:17

Health: -32/99     AC: 13    Str: 32    XL:     11   Next: 21%
Magic:  19/19      EV: 16    Int:  4    God:    Trog [*****.]
Gold:   610        SH:  0    Dex:  9    Spells: 10/10 levels left

rFire    + . .     SeeInvis .   C - +3 battleaxe (freeze)
rCold    + . .     Gourm    .   (shield currently unavailable)
rNeg     . . .     Faith    .   p - +1 chain mail of Slimy the Leaf {-Tele rElec rPois MP+9}
rPois    +         Spirit   .   u - +1 hat {MR+}
rElec    +         Reflect  .   f - scarf {+Inv}
rCorr    +         Harm     .   (no gloves)
MR       +++..     NoTele   +   (no boots)
Stlth    ..........             (no amulet)
HPRegen  1.26/turn              g - +6 ring of strength
MPRegen  0.16/turn              m - +4 ring of evasion

@: resistant, regenerating
A: retaliatory headbutt, horns 2
a: Berserk, Trog's Hand, Brothers in Arms, Renounce Religion, Evoke Invisibility


You were on level 10 of the Dungeon.
You worshipped Trog.
Trog was extremely pleased with you.
You were hungry.

You visited 2 branches of the dungeon, and saw 11 of its levels.

You collected 610 gold pieces.

Inventory:

Hand Weapons
 b - the +4 morningstar "Anodwoc" {drain, rF- rN+ Int+4}
   (You took it off a gnoll on level 5 of the Dungeon)

   A truly terrible weapon, it drains the life of those it strikes.
   It affects your intelligence (+4).
   It makes you vulnerable to fire.
   It protects you from negative energy.
 i - a +0 quarterstaff
 C - a +3 battleaxe of freezing (weapon)
Missiles
 a - 44 poisoned darts (quivered)
 e - 10 silver boomerangs
 l - 11 boomerangs
Armour
 f - a scarf of invisibility (worn)
 p - the +1 chain mail of Slimy the Leaf (worn) {-Tele rElec rPois MP+9}
   (You found it on level 6 of the Dungeon)

   It insulates you from electricity.
   It protects you from poison.
   It affects your magic capacity (+9).
   It prevents most forms of teleportation.
 r - a +2 cloak
 u - a +1 hat of magic resistance (worn)
Jewellery
 g - a +6 ring of strength (left hand)
 k - an uncursed ring of stealth
 m - a +4 ring of evasion (right hand)
 n - an uncursed ring of protection from cold
 x - an uncursed amulet of magic regeneration
 y - an uncursed ring of flight
 F - an uncursed ring of magical power
Wands
 D - a wand of enslavement (5)
 E - a wand of polymorph (6)
Scrolls
 d - 9 scrolls of identify
 j - a scroll of remove curse
 s - a scroll of enchant armour
 v - a scroll of enchant weapon
 w - 2 scrolls of magic mapping
 z - 2 scrolls of teleportation
 H - a scroll of blinking
 J - a scroll of random uselessness {unknown}
Potions
 h - 2 potions of resistance
 q - a potion of heal wounds {unknown}
 t - 3 potions of magic {unknown}
 A - a potion of flight {unknown}
 B - 2 potions of curing
 G - 2 potions of cancellation {unknown}
 I - a potion of mutation {unknown}
Comestibles
 c - 10 rations
 o - 9 chunks of flesh


   Skills:
 + Level 9.8 Fighting
 + Level 10.9(12.1) Axes
 + Level 8.9(11.8) Maces & Flails
 + Level 6.6(8.8) Staves
 + Level 1.8 Throwing
 + Level 9.0 Armour
 + Level 6.4 Dodging


You had 10 spell levels left.
You didn't know any spells.
Your spell library was empty.

Dungeon Overview and Level Annotations

Branches:
Dungeon (10/15)            Temple (1/1) D:4            Lair (0/6) D:8
    Orc (0/2) D:9

Altars:
Ashenzari
Cheibriados
Elyvilon
Gozag
Hepliaklqana
Kikubaaqudgha
Makhleb
Okawaru
Qazlal
Ru
Uskayaw
Vehumet
Xom
The Shining One

Shops:
D:10 *

Portals:
Abyss: D:9

Annotations:
D:9 2 transporters, Inchmeat's ghost, journeyman HOGl
D:10 1 runed translucent door


Innate Abilities, Weirdness & Mutations

You reflexively headbutt those who attack you in melee.
You have a pair of horns on your head.


Message History

* * * LOW HITPOINT WARNING * * *
The white ugly thing freezes you! You resist.
* * * LOW HITPOINT WARNING * * *
The orb spider spins a strand of pure energy.
You feel better. The white ugly thing headbutts you.
* * * LOW HITPOINT WARNING * * *
The white ugly thing freezes you! You resist.
* * * LOW HITPOINT WARNING * * *
You fail to use your ability.
The orb spider weaves a glowing orb of energy.
The white ugly thing barely misses you. You furiously retaliate!
You headbutt the white ugly thing!
An orb of destruction comes into view.
Your skin crawls.
You feel resistant to hostile enchantments.
You are feeling hungry.
The white ugly thing misses you. You furiously retaliate!
You headbutt the white ugly thing! The orb of destruction hits you!!!
You die...

#......####.## #..#.#.#.#.#..
#......# ##..###.##.#.#.#.##.###
#..<...# #...##..#.#.#.#.#.#....
#......# #.#....##.#.#.#:#.##...
##.#+##.###....#########...#####.
........##...###..#[.##.##.)#..##
##...###...###..##...#...#..#....
#....#...### ###?u##..#..###.#..
#.#....### #.@..#..###..##..#)
#.#..##+ ...+....○#..## ##..#.#.#
#......###..###.s°##..###..#...#.
#........###. ###[###..#..##..#..
#..........###..###..#...#.......
.............###..#:.##.##.[#..##
#########......#####...#########.
###......##.........##...
###.....#..##.##..#..##


You could see a white ugly thing and an orb spider.

Vanquished Creatures
  An ogre mage (D:10)
  A two-headed ogre (D:8)
  An unseen horror (D:10)
  Pikel (D:5)
  Joseph (D:10)
  Psyche (D:8)
  A troll (D:10)
  A hornet (D:9)
  A hippogriff (D:7)
  6 yaks (D:10)
  2 wraiths (D:10)
  2 hungry ghosts (D:8)
  A water moccasin (D:6)
  2 porcupines (D:8)
  4 ice beasts
  6 orc warriors
  A slave (D:5)
  2 black bears (D:8)
  2 sky beasts
  4 centaurs
  3 ogres
  A crocodile (D:7)
  A gnoll sergeant (D:7)
  4 bullfrogs
  2 scorpions
  4 howler monkeys
  10 wights
  4 crimson imps
  3 hounds
  3 jellies (D:9)
  3 centaur skeletons
  3 orc priests
  3 bullfrog skeletons
  Crazy Yiuf (D:5)
  3 iguanas
  5 orc wizards
  A worker ant (D:9)
  2 hound skeletons
  7 gnolls
  13 adders
  7 oozes
  An adder zombie (D:5)
  4 worms
  3 dart slugs
  7 leopard geckos
  47 orcs
  6 bats
  4 giant cockroaches
  3 goblins
  3 hobgoblins
  5 quokkas
  A ball python (D:4)
  9 frilled lizards
  8 kobolds
  5 rats (D:1)
  A bush (D:7)
  A fungus (D:8)
232 creatures vanquished.

Vanquished Creatures (others)
  Blork the orc (D:5)
  A worker ant (D:5)
  10 fungi
12 creatures vanquished.

Grand Total: 244 creatures vanquished

Notes
Turn   | Place    | Note
-------+----------+-------------------------------------------
     0 | D:1      | hawla the Minotaur Berserker began the quest for the Orb.
     0 | D:1      | Reached XP level 1. HP: 19/19 MP: 0/0
   519 | D:1      | Reached XP level 2. HP: 27/27 MP: 1/1
   541 | D:1      | Reached skill level 4 in Axes
  1107 | D:2      | Reached XP level 3. HP: 12/33 MP: 2/2
  1484 | D:2      | Reached XP level 4. HP: 38/41 MP: 3/3
  1739 | D:2      | Reached skill level 5 in Axes
  1901 | D:2      | Reached ** piety under Trog
  1902 | D:2      | Reached skill level 5 in Fighting
  2022 | D:3      | Reached XP level 5. HP: 45/48 MP: 4/4
  2216 | D:3      | You fall into a shaft and drop 3 floors!
  2354 | D:5      | Entered Level 5 of the Dungeon
  2354 | D:5      | Noticed a centaur
  2359 | D:5      | Killed a centaur
  2359 | D:5      | Reached skill level 6 in Axes
  2359 | D:5      | Reached XP level 6. HP: 48/56 MP: 5/5
  2537 | D:4      | Found a stormy altar of Qazlal.
  2879 | D:3      | Found a hazy altar of Hepliaklqana.
  2880 | D:3      | Found a shimmering altar of Xom.
  2881 | D:3      | Noticed a spectral ugly thing
  3025 | D:3      | Found a shattered altar of Ashenzari.
  3025 | D:3      | Found a glowing golden altar of the Shining One.
  3026 | D:3      | Found a snail-covered altar of Cheibriados.
  3326 | D:3      | Found a burning altar of Makhleb.
  3731 | D:4      | Found a staircase to the Ecumenical Temple.
  3774 | D:4      | Found a sacrificial altar of Ru.
  3774 | D:4      | Found a faded altar of an unknown god.
  3779 | D:4      | Found an iron altar of Okawaru.
  3781 | D:4      | Found a white marble altar of Elyvilon.
  3794 | D:4      | Found an ancient bone altar of Kikubaaqudgha.
  4095 | Temple   | Entered the Ecumenical Temple
  4148 | D:5      | Noticed a slave
  4148 | D:5      | Noticed a slave
  4150 | D:5      | Noticed Pikel
  4153 | D:5      | Killed a slave
  4154 | D:5      | Noticed a slave
  4154 | D:5      | Noticed a slave
  4165 | D:5      | Killed Pikel
  4165 | D:5      | Reached skill level 7 in Axes
  4165 | D:5      | Reached XP level 7. HP: 57/64 MP: 6/6
  4398 | D:5      | Reached skill level 5 in Dodging
  4400 | D:5      | Killed Blork the orc
  4504 | D:5      | Reached XP level 8. HP: 58/71 MP: 7/7
  4660 | D:5      | Identified the +4 morningstar "Anodwoc" {drain, rF- rN+
                  | Int+4}
  4929 | D:5      | Found a runed translucent door.
  4930 | D:5      | Noticed Crazy Yiuf
  5183 | D:5      | Killed Crazy Yiuf
  5323 | D:6      | Reached skill level 1 in Maces & Flails
  5462 | D:6      | Reached *** piety under Trog
  5787 | D:6      | Reached skill level 5 in Staves
  6063 | D:6      | Got an ancient chain mail
  6074 | D:6      | Identified the +1 chain mail of Slimy the Leaf {-Tele rElec
                  | rPois MP+9} (You found it on level 6 of the Dungeon)
  6316 | D:6      | Reached skill level 5 in Armour
  6583 | D:7      | Reached XP level 9. HP: 80/80 MP: 8/8
  6691 | D:7      | Reached skill level 5 in Maces & Flails
  6764 | D:7      | Found a hide-covered altar of Uskayaw.
  6767 | D:7      | Noticed a +0 hand axe
  6767 | D:7      | Noticed a +0 dagger
  6819 | D:7      | Reached **** piety under Trog
  6899 | D:7      | Reached skill level 8 in Axes
  7127 | D:8      | Found an opulent altar of Gozag.
  7252 | D:8      | Found a burning altar of Makhleb.
  7489 | D:8      | Reached XP level 10. HP: 90/90 MP: 9/9
  7493 | D:8      | Noticed Psyche
  7499 | D:8      | Killed Psyche
  7839 | D:8      | Found a staircase to the Lair.
  8057 | D:9      | Noticed a two-headed ogre
  8069 | D:8      | Killed a two-headed ogre
  8069 | D:8      | Reached skill level 1 in Throwing
  8455 | D:9      | Reached skill level 9 in Axes
  8646 | D:9      | Reached ***** piety under Trog
  8803 | D:9      | Found a transporter.
  9016 | D:9      | Found a staircase to the Orcish Mines.
  9060 | D:9      | Noticed a toenail golem
  9064 | D:9      | Found a transporter.
  9065 | D:9      | Noticed a toenail golem
  9065 | D:9      | Noticed a thrashing horror
  9065 | D:9      | Noticed Inchmeat's ghost (journeyman HOGl)
  9309 | D:9      | Noticed a toenail golem
  9323 | D:9      | Found a one-way gate to the infinite horrors of the Abyss.
  9343 | D:9      | Identified the +12 short sword of Ogowuoce {distort, MR+}
  9371 | D:10     | Entered Level 10 of the Dungeon
  9752 | D:10     | Noticed an ogre mage
  9763 | D:10     | Killed an ogre mage
  9763 | D:10     | Reached skill level 10 in Axes
  9812 | D:10     | Killed an unseen horror
  9812 | D:10     | Reached XP level 11. HP: 67/97 MP: 10/10
  9992 | D:10     | Noticed Joseph
  9997 | D:10     | Killed Joseph
 10003 | D:10     | Found Jylo's Lightly-Used Armoury.
 10324 | D:10     | Found a runed translucent door.
 10324 | D:10     | Noticed a white ugly thing
 10324 | D:10     | Noticed an orb spider
 10330 | D:10     | HP: 3/99 [white ugly thing (11)]
 10333 | D:10     | Blown up by an orb spider (shapeshifter)

Illustrated notes

Levels and vault maps discovered:
D:1:      ncdulo_smallfort, layout_loops_corners
D:2:      layout_loops_ring, kennysheep_generic_room_15
D:3:      layout_basic, regret_index_temple_of_mockery, makhleb_grotto_becter,
          gammafunk_temple_overflow_claw, first_ration
D:4:      layout_loops_cross, chequers_temple_overflow_minitemple,
          lemuel_round_altar, minmay_temple_entry_from_below_b,
          chequers_serial_rivers_small_b
D:5:      layout_loops_ring, uniq_blork_the_orc, uniq_pikel,
          uniq_crazy_yiuf_cottage
D:6:      layout_gridville
D:7:      layout_gridville, dancing_weapons_uskayaw, minmay_hedge_maze
D:8:      layout_gridville, grunt_lair_entry_orc_guard_hut,
          hangedman_feature_mirror, uniq_psyche
D:9:      layout_cave_pools, hiddenorc1_lemuel, gammafunk_ghost_abyssal_escape,
          hangedman_little_slice_of_home
D:10:     minmay_the_grid_four_pointed_star
          [minmay_the_grid_triangle_9x9_descending_squares,
          minmay_the_grid_triangle_9x9_subtriangle,
          minmay_the_grid_triangle_9x9_stretched_checkered,
          minmay_the_grid_triangle_9x9_limited_checkers,
          minmay_the_grid_prize_four_corners_diamond_a], layout_basic,
          minmay_shop_damaged, uniq_joseph
Temple:   dpeg_chambers_temple

Skill      XL: |  1  2  3  4  5  6  7  8  9 10 11 |
---------------+----------------------------------+-----
Fighting       | 4 5 6 7 8 9 |  9.8
Axes           | 4 5 6 7 8 10 | 10.9
Dodging        | 3 4 5 6 |  6.4
Armour         | 3 5 6 8 9 |  9.0
Staves         | 3 5 6 |  6.6
Maces & Flails | 4 7 8 |  8.9
Throwing       | 1 |  1.8

Action                   |  1- 3 |  4- 6 |  7- 9 | 10-12 || total
-------------------------+-------+-------+-------+-------++-------
Melee: Hand axe          |    64 |    35 |       |       ||    99
       Headbutt          |     9 |    17 |    43 |    28 ||    97
       Quarterstaff      |       |    34 |    57 |    16 ||   107
       War axe           |       |    22 |       |       ||    22
       Morningstar       |       |       |   121 |    39 ||   160
       Battleaxe         |       |       |    21 |    84 ||   105
Throw: Dart              |       |     1 |       |     9 ||    10
Invok: Trog's Hand       |       |       |       |     1 ||     1
  Use: Scroll            |     5 |     5 |       |     1 ||    11
       Potion            |     3 |       |     2 |     2 ||     7
 Stab: Sleeping          |       |     8 |       |       ||     8
  Eat: Chunk             |     2 |     5 |     8 |     5 ||    20
       Ration            |       |     1 |     2 |     1 ||     4
Armor: Animal skin       |     6 |     7 |       |       ||    13
       Ring mail         |       |     2 |     2 |       ||     4
       Chain mail        |       |       |    65 |    55 ||   120
       Skin              |       |       |    20 |       ||    20
Dodge: Dodged            |    38 |    65 |   164 |    98 ||   365
